AoeStats
← Efthiron

Arabia

506202794Analyzed
1v1 RM · 21d ago on Sep 12, 2026· 27m 34s· 2 players
Game mode
Random Map
Map size
Tiny (2 player)
Population
200
Speed
Normal
Resources
Standard
Victory
Conquest
Starting age
Dark Age
Ending age
Imperial Age
RankedLock teamsTeams togetherTeam positionsShared explorationLock speedFull tech treeHidden civsTurbo modeCheats
Victory
Defeat
🇧🇷 Mongols · Brazil
1210
+15
🇲🇽 Mongols · Mexico
1184
-15
Efthiron
8:11 Loom
10:09 Feudal Age
12:04 Double-Bit Axe
15:50 Horse Collar
19:26 Wheelbarrow
25:09 Castle Age
24:48 Bloodlines
gogo
5:56 Loom
6:09 Loom
8:35 Feudal Age
9:01 Man-at-Arms
15:06 Fletching
19:11 Scale Barding Armor
24:37 Castle Age
22:57 Padded Archer Armor
24:44 Crossbowman
25:22 Bodkin Arrow
26:17 Gold Mining
Connection lost

Rejoining the realm…

Still unreachable

The connection could not be restored.

Session expired

The server has moved on; the page needs a fresh start.